 Dungeon Crawl Stone Soup version 0.30-a0-743-gbfdf073431 (webtiles) character file.

Game seed: 3597560851427457739

103 MachoJfn the Grave Robber (level 4, -8/30 HPs)
             Began as a Mummy Necromancer on Feb 6, 2023.
             Was a Follower of Dithmenos.
             Killed by divine providence
             ... invoked by an orc priest
              (19 damage)
             ... on level 3 of the Dungeon on Feb 7, 2023.
             The game lasted 00:11:36 (1752 turns).

MachoJfn the Grave Robber (Mummy Necromancer)       Turns: 1752, Time: 00:11:36

Health: -8/30      AC:  7    Str: 11    XL:     4   Next: 51%
Magic:  7/10       EV: 10    Int: 16    God:    Dithmenos [*.....]
Gold:   55         SH:  0    Dex: 18    Spells: 10/11 levels left

rFire   x . .      SeeInvis .    (no weapon)
rCold   + . .      Faith    +    (no shield)
rNeg    + + +      Spirit   .    g - +0 ring mail
rPois   ∞          Reflect  .    k - +2 hat "Xoemypar" {Harm}
rElec   .          Harm     +    (no cloak)
rCorr   +          Rampage  .    (no gloves)
Will    .....                    (no boots)
Stlth   ++                       b - amulet of magic regeneration
HPRegen 0.25/turn                i - +6 ring of dexterity
MPRegen 0.52/turn                l - ring of resist corrosion

@: wreathed by umbra, studying Maces & Flails
A: cold resistance 1, negative energy resistance 3, torment resistance 2, heat
vulnerability 1, in touch with death 1, no potions, faith
a: Renounce Religion


You were on level 3 of the Dungeon.
You worshipped Dithmenos.
Dithmenos was aware of your devotion.
You visited 1 branch of the dungeon, and saw 3 of its levels.

You collected 55 gold pieces.

Inventory:

Hand Weapons
 f - a +2 vampiric dagger
Armour
 g - a +0 ring mail (worn)
 h - a +0 helmet
 k - the +2 hat "Xoemypar" (worn) {Harm}
   (You acquired it on level 3 of the Dungeon)

   Harm:      It increases damage dealt and taken.
Jewellery
 b - an amulet of magic regeneration (around neck)
 i - a +6 ring of dexterity (left hand)
 l - a ring of resist corrosion (right hand)
Scrolls
 a - a scroll of identify
 d - 2 scrolls of vulnerability
 e - 2 scrolls of noise


   Skills:
 + Level 0.2 Fighting
 + Level 1.7 Dodging
 + Level 1.6 Stealth
 + Level 4.4 Spellcasting
 + Level 5.0 Necromancy


You had 10 spell levels left.
You knew the following spells:

 Your Spells              Type           Power      Damage    Failure   Level
a - Necrotise             Necr           100%       1d9       4%          1

Your spell library contained the following spells:

 Spells                   Type           Power      Damage    Failure   Level
 Vampiric Draining        Necr           29%        2d8       16%         3
 Sandblast                Erth           6%         2d5       36%         1
 Animate Dead             Necr           29%        N/A       45%         4
 Passwall                 Tmut/Erth      2%         N/A       52%         2
 Stone Arrow              Conj/Erth      6%         3d7       75%         3
 Agony                    Necr           29%        N/A       80%         5


Dungeon Overview and Level Annotations

Branches:
Dungeon (3/15)

Altars:
Dithmenos
Trog


Innate Abilities, Weirdness & Mutations

You are immune to poison.
Your flesh is cold resistant. (rC+)
You are immune to negative energy. (rN+++)
You are immune to unholy pain and torment.
You are vulnerable to heat. (rF-)
You are in touch with the powers of death.
You do not drink.
You have a special connection with the divine. (Faith)


Message History

You feel a surge of power!
Something writhes in agony.
You hear some strange, mumbled words.
Something tries to affect you, but you resist.
Casting: Necrotise (safe; 5% risk of failure)
Confirm with . or Enter, or press ? or * to list all spells.
Aiming: Necrotise (safe; 5% risk of failure)
Press: ? - help, Shift-Dir - straight line, f - adder
Aim: an adder (chance to affect: 88%)
You feel a surge of power!
Something writhes in agony!
Dithmenos accepts your kill.
Reactivating autopickup.
You feel a bit more experienced.
Your Necromancy skill increases to level 5!
Casting: Necrotise (safe; 4% risk of failure)
Confirm with . or Enter, or press ? or * to list all spells.
Aiming: Necrotise (safe; 4% risk of failure)
Press: ? - help, Shift-Dir - straight line, f/p - adder
Aim: an adder (ally target, chance to affect: 88%)
You feel a surge of power!
The orc writhes in agony.
Casting: Necrotise (safe; 4% risk of failure)
Confirm with . or Enter, or press ? or * to list all spells.
Aiming: Necrotise (safe; 4% risk of failure)
Press: ? - help, Shift-Dir - straight line, f - orc
Aim: an orc, wielding a +0 war axe (lightly wounded, chance to affect: 93%)
You feel a surge of power!
The orc writhes in agony.
Your orc wizard skeleton hits the orc.
The orc dies!
Dithmenos accepts your kill.
The orc priest looks braver for a moment.
Casting: Necrotise (safe; 4% risk of failure)
Confirm with . or Enter, or press ? or * to list all spells.
Aiming: Necrotise (safe; 4% risk of failure)
Press: ? - help, Shift-Dir - straight line, f - adder
Aim: an adder (chance to affect: 88%)
You feel a surge of power!
The adder writhes in agony.
Your orc wizard skeleton closely misses the adder.
The orc priest calls down the wrath of Beogh upon you.
Beogh smites you!
Ouch! That really hurt!
You die...

## ...## ### ####### ...#.
..#####.....###
...#.###...#.'.....'.#
..#....#.#.#.#..@..#.#
.g..o#.#.#.#.#.S...#.#
#S....#.#.#.#)Z...#.#
#..{....#.#o).....#.# #####
#.#oooo...go#####.#<###.....
#.........#...###...........
.###.##)##[#.#.#.............
.....#...#.#.#.#.#...........
####..._...#.#.#.............


You could see an orc priest, an adder (ally target), an orc, a goblin and a
friendly orc wizard skeleton.

Vanquished Creatures
  An orc wizard (D:3)
  An adder (D:2)
  4 dart slugs
  2 orcs (D:3)
  5 bats
  4 endoplasms
  2 giant cockroaches
  2 goblins
  4 hobgoblins
  10 kobolds
  2 quokkas
  8 ball pythons
  4 frilled lizards
  A rat (D:1)
50 creatures vanquished.

Vanquished Creatures (collateral kills)
  An orc (D:3)
  A bat (D:1)
  2 goblins (D:1)
  3 rats
7 creatures vanquished.

Grand Total: 57 creatures vanquished

Notes
Turn   | Place    | Note
-------+----------+-------------------------------------------
     0 | D:1      | MachoJfn the Mummy Necromancer began the quest for the Orb.
     0 | D:1      | Reached XP level 1. HP: 13/13 MP: 4/4
   132 | D:1      | Reached XP level 2. HP: 19/19 MP: 0/6
   710 | D:2      | Gained mutation: You are in touch with the powers of death.
                  | [Mummy growth]
   710 | D:2      | Reached XP level 3. HP: 24/24 MP: 5/7
   943 | D:2      | Found a bloodstained altar of Trog.
  1641 | D:3      | Identified a scroll of acquirement
  1641 | D:3      | Acquired the +2 hat "Xoemypar" {Harm}
  1668 | D:3      | Reached XP level 4. HP: 26/30 MP: 8/10
  1705 | D:3      | Found a faded altar of an unknown god.
  1711 | D:3      | Prayed at the altar of an unknown god.
  1711 | D:3      | Became a worshipper of Dithmenos the Shadowed
  1711 | D:3      | Reached * piety under Dithmenos
  1750 | D:3      | Reached skill level 5 in Necromancy
  1752 | D:3      | Killed from afar by an orc priest

Illustrated notes

Levels and vault maps discovered:
D:1:      shiori_arrival_oz, layout_rooms
D:2:      wander_river, layout_basic, basic_altar
D:3:      layout_basic, lemuel_coloured_pillars_altar,
          ebering_ecumenical_altar_box, nicolae_kite_square_tiling_tiny

Skill      XL: |  1  2  3  4 |
---------------+-------------+-----
Spellcasting   | 3 4 |  4.4
Necromancy     | 5 |  5.0
Fighting       | |  0.2
Dodging        | |  1.7
Stealth        | |  1.6

Action                     |  1- 3 |  4- 6 || total
---------------------------+-------+-------++-------
  Melee: Unarmed           |     5 |       ||     5
         Dagger            |     4 |       ||     4
   Cast: Necrotise         |    78 |    15 ||    93
    Use: Scroll            |     3 |     2 ||     5
 Armour: Robe              |     4 |       ||     4
         Ring mail         |     5 |     1 ||     6
  Dodge: Dodged            |    14 |     3 ||    17

Table legend: (Time is in decaauts)
 A = Elapsed time spent in this place.
 B = Non-inter-level travel time spent in this place.
 C = Inter-level travel time spent in this place.
 D = Time resting spent in this place.
 E = Time spent auto-exploring this place.
 F = Levels seen in this place.
 G = Mean time per level.
                   A        B        C        D        E       F      G
               +--------+--------+--------+--------+--------+-----+--------+
         Total |   1759 |   1492 |    267 |     59 |   1058 |   3 |  586.3 |
       Dungeon |   1759 |   1492 |    267 |     59 |   1058 |   3 |  586.3 |
               +--------+--------+--------+--------+--------+-----+--------+

Top non-repeatable levels by time:
     D:2: 899 daAuts
     D:1: 699 daAuts
     D:3: 160 daAuts
